 Dungeon Crawl Stone Soup version 0.31-a0-233-g139696dc86 (webtiles) character file.

Game seed: 9191334098890515377

446 Decritt the Firebug (level 6, -2/51 HPs)
             Began as a Draconian Fire Elementalist on July 8, 2023.
             Succumbed to a hornet's poison
             ... on level 4 of the Dungeon.
             The game lasted 00:11:59 (4133 turns).

Decritt the Firebug (Draconian Fire Elementalist)   Turns: 4133, Time: 00:11:59

Health: -2/51      AC: 10    Str: 10    XL:     6   Next: 73%
Magic:  6/11       EV: 12    Int: 18    God:
Gold:   194        SH:  0    Dex: 11    Spells: 9/12 levels left

rFire   . . .        a - +5 dire flail (holy)
rCold   . . .        (shield currently unavailable)
rNeg    + . .        (body armour unavailable)
rPois   .            (helmet restricted)
rElec   .            k - +0 cloak
rCorr   .            (no gloves)
SInv    .            i - +2 pair of boots
Will    .....        (no amulet)
Stlth   ++           g - ring of positive energy
HPRegen 0.28/turn    (no ring)
MPRegen 0.12/turn

%: no passive effects
@: lethally poisoned (-2 -> -10), slowed, very slow
A: AC +6, unfitting armour, cold-blooded
a: no special abilities


You were on level 4 of the Dungeon.
You visited 1 branch of the dungeon, and saw 4 of its levels.
You also visited: Sewer.

You collected 194 gold pieces.

Inventory:

Hand Weapons
 a - a +5 dire flail of holy wrath (weapon)
 b - a +0 hand axe
Armour
 i - a +2 pair of boots (worn)
 k - a +0 cloak (worn)
Magical Staves
 j - a staff of poison
Jewellery
 g - a ring of positive energy (left hand)
Wands
 p - a wand of charming (10)
Scrolls
 c - a scroll of revelation
 q - 2 scrolls of teleportation
Potions
 d - a potion of mutation {unknown}
 e - 2 potions of lignification
 f - a potion of might {unknown}
 h - 2 potions of brilliance {unknown}
 l - 2 potions of curing
 m - a potion of haste {unknown}
 n - a potion of berserk rage {unknown}
 o - a potion of cancellation {unknown}


   Skills:
 + Level 3.2 Fighting
 - Level 3.1 Dodging
 - Level 1.7 Stealth
 * Level 3.8 Spellcasting
 + Level 1.6 Conjurations
 + Level 1.0 Hexes
 * Level 4.6 Fire Magic


You had 9 spell levels left.
You knew the following spells:

 Your Spells              Type           Power      Damage    Failure   Level
a - Foxfire               Conj/Fire      56%        2x1d6     4%          1
b - Scorch                Fire           40%        2d6       3%          2

Your spell library contained the following spells:

 Spells                   Type           Power      Damage    Failure   Level
 Inner Flame              Hex/Fire       13%        N/A       14%         3
 Sandblast                Erth           6%         2d5       16%         1
 Volatile Blastmotes      Fire/Tloc      22%        2d11      17%         3
 Passwall                 Tmut/Erth      2%         N/A       22%         2
 Stone Arrow              Conj/Erth      12%        3d7       32%         3
 Flame Wave               Conj/Fire      14%        2d6       38%         4


Dungeon Overview and Level Annotations

Branches:
Dungeon (4/15)              Sewer (visited)
 Temple: D:4-7

Altars:
Cheibriados
Dithmenos

Annotations:
D:2 1 runed translucent door, Crazy Yiuf, Sigmund


Innate Abilities, Weirdness & Mutations

Your plain brown scales are hard. (AC +6)
You cannot fit into any form of body armour.
You are cold-blooded and may be slowed by cold attacks.


Message History

The hornet stings you.
* * * LOW HITPOINT WARNING * * *
You feel as though you will be slow longer.
The hornet barely misses you.
Casting: Foxfire (safe; 4% risk of failure)
Confirm with . or Enter, or press ? or * to list all spells.
Flames lash the hornet.
The hornet is heavily wounded.
The hornet's fire resistance burns away.
The hornet closely misses you. The hornet stings you!
* * * LOW HITPOINT WARNING * * *
You feel as though you will be slow longer.
The hornet stings you!
* * * LOW HITPOINT WARNING * * *
You feel as though you will be slow longer.
The hornet stings you but does no damage.
The hornet closely misses you.
You feel better. The hornet barely misses you. The hornet misses you.
Casting: Scorch (safe; 3% risk of failure)
Confirm with . or Enter, or press ? or * to list all spells.
Flames lash the hornet.
The hornet is burned terribly!
The hornet is almost dead.
The hornet stings you but does no damage.
The hornet misses you. The hornet stings you.
* * * LOW HITPOINT WARNING * * *
You are lethally poisoned!
You feel as though you will be slow longer.
The hornet stings you but does no damage.
Casting: Scorch (safe; 3% risk of failure)
Confirm with . or Enter, or press ? or * to list all spells.
Flames lash the hornet.
The hornet is burned terribly!
The hornet is almost dead.
* * * LOW HITPOINT WARNING * * *
You feel very sick. The hornet barely misses you. The hornet stings you.
* * * LOW HITPOINT WARNING * * *
You feel as though you will be slow longer.
The hornet barely misses you.
You die...

### #.. .# ####.# .#
..##.# ..### #.##.#
?y.. #.##.# ...
######.##.######.#.##
#..........@y.....?.#
#.###.[##.####.#.#..#
#..##.# #.# # #..##.#
#.# #..##.####.#.#..#
#..##...........# #.
#..#######...§v...
#.# #..### ###.#####
#.# #....# .#


You could see a hornet (combustible).

Vanquished Creatures
  Edmund (D:4)
  A kobold brigand (Sewer)
  A jelly (D:3)
  A hound (D:4)
  An iguana (D:4)
  6 adders
  4 river rats (Sewer)
  2 worms (D:3)
  2 dart slugs
  6 orcs
  4 ball pythons
  3 bats
  8 endoplasms
  A giant cockroach (D:1)
  4 goblins
  5 hobgoblins
  9 jackals
  8 kobolds
  4 quokkas
  5 frilled lizards
  5 rats
81 creatures vanquished.

Vanquished Creatures (others)
  97 foxfires
97 creatures vanquished.

Grand Total: 178 creatures vanquished

Notes
Turn   | Place    | Note
-------+----------+-------------------------------------------
     0 | D:1      | Decritt the Draconian Fire Elementalist began the quest for
                  | the Orb.
     0 | D:1      | Reached XP level 1. HP: 14/14 MP: 3/3
   286 | D:1      | Reached XP level 2. HP: 22/22 MP: 0/5
   290 | D:1      | Reached skill level 1 in Fighting
   649 | D:2      | Noticed Sigmund
   776 | D:2      | Reached XP level 3. HP: 29/29 MP: 3/6
  1409 | D:2      | Found a runed translucent door.
  1410 | D:2      | Noticed Crazy Yiuf
  1600 | D:3      | Learned a level 2 spell: Scorch
  1646 | D:3      | Found a glowing drain.
  1670 | Sewer    | Entered a sewer
  1695 | Sewer    | Noticed a kobold brigand
  1795 | Sewer    | Reached XP level 4. HP: 36/36 MP: 2/7
  1804 | Sewer    | Killed a kobold brigand
  1805 | Sewer    | Reached XP level 5. HP: 36/42 MP: 6/9
  2267 | Sewer    | Reached skill level 4 in Fire Magic
  2746 | D:3      | Identified the +0 leather armour "Isexub" {rCorr Int+2
                  | SInv}
  2775 | D:3      | Found a shadowy altar of Dithmenos.
  3250 | D:3      | Found a snail-covered altar of Cheibriados.
  3577 | D:4      | Reached XP level 6. HP: 50/50 MP: 8/11
  3779 | D:4      | Identified the +1 robe of the Equinox {Harm Str-4 Dex+4
                  | Stlth+}
  3817 | D:4      | Noticed Edmund
  3877 | D:4      | Killed Edmund
  4112 | D:4      | Noticed a hornet
  4121 | D:4      | Reached skill level 1 in Hexes
  4132 | D:4      | HP: 2/51 [poisoned by a hornet]
  4133 | D:4      | Succumbed to a hornet's poison

Illustrated notes

Levels and vault maps discovered:
D:1:      matt_arrival_diagonals, layout_rooms
D:2:      layout_loops_ring, uniq_sigmund, uniq_crazy_yiuf_cottage
D:3:      layout_loops_ring, slow_altar_2, lemuel_doored_altar, serial_glass,
          glass_columns_c, glass_columns_c, glass_columns_c, glass_columns_a,
          cheibrodos_sewer_entry_drain
D:4:      layout_loops_ring, mainiacjoe_overflow_tiny_flanked, uniq_edmund

Skill      XL: |  1  2  3  4  5  6 |
---------------+-------------------+-----
Dodging        | 2 3 |  3.1
Fighting       | 1 2 3 |  3.2
Spellcasting   | 3 |  3.8
Fire Magic     | 4 |  4.6
Hexes          | 1 |  1.0
Stealth        | |  1.7
Conjurations   | |  1.6

Action                     |  1- 3 |  4- 6 || total
---------------------------+-------+-------++-------
  Melee: Hand axe          |    13 |       ||    13
         Tailslap          |     7 |     4 ||    11
         Staff             |    20 |    33 ||    53
         Dire flail        |       |    14 ||    14
  Throw: Boomerang         |    19 |    12 ||    31
   Cast: Foxfire           |    51 |    11 ||    62
         Scorch            |     4 |    53 ||    57
    Use: Scroll            |     7 |     6 ||    13
         Potion            |     1 |     3 ||     4
   Stab: Sleeping          |     1 |       ||     1
 Armour: Skin              |    27 |    32 ||    59
  Dodge: Dodged            |    54 |    62 ||   116

Table legend: (Time is in decaauts)
 A = Elapsed time spent in this place.
 B = Non-inter-level travel time spent in this place.
 C = Inter-level travel time spent in this place.
 D = Time resting spent in this place.
 E = Time spent auto-exploring this place.
 F = Levels seen in this place.
 G = Mean time per level.
                   A        B        C        D        E       F      G
               +--------+--------+--------+--------+--------+-----+--------+
         Total |   4307 |   4173 |    134 |    350 |   2834 |   5 |  861.4 |
       Dungeon |   3186 |   3052 |    134 |    277 |   2100 |   4 |  796.5 |
         Sewer |   1121 |   1121 |      0 |     73 |    734 |   1 | 1121.0 |
               +--------+--------+--------+--------+--------+-----+--------+

Top non-repeatable levels by time:
   Sewer: 1121 daAuts
     D:3: 1070 daAuts
     D:1: 819 daAuts
     D:2: 723 daAuts
     D:4: 573 daAuts
